 Dungeon Crawl Stone Soup version 0.18.1-6-gd335043 (webtiles) character file.

5625 manyhoops the Cleaver (level 10, -2/93 HPs)
             Began as a Hill Orc Fighter on May 20, 2016.
             Was a Priest of Beogh.
             Slain by a komodo dragon (31 damage)
             ... on level 9 of the Dungeon.
             The game lasted 00:20:11 (9934 turns).

manyhoops the Cleaver (Hill Orc Fighter)            Turns: 9934, Time: 00:20:12

Health: -2/93      AC: 19    Str: 23    XL:     10   Next: 74%
Magic:  19/19      EV:  7    Int:  8    God:    Beogh [***...]
Gold:   375        SH:  0    Dex: 10    Spells: 0 memorised, 9 levels left

rFire  . . .     SeeInvis .     a - +0 war axe
rCold  . . .     Gourm    .     n - +0 plate armour
rNeg   . . .     Faith    .     (no shield)
rPois  .         Spirit   .     j - +0 helmet
rElec  .         Dismiss  .     (no cloak)
rCorr  .         Reflect  .     o - +0 pair of gloves
SustAt .         Harm     +     (no boots)
MR     .....                    r - amulet of harm
Stlth  ..........               (no ring)
                                p - ring of magical power

@: not resistant to hostile enchantments, extremely unstealthy
A: no striking features
a: Smiting, Renounce Religion


You were on level 9 of the Dungeon.
You worshipped Beogh.
Beogh was most pleased with you.
You were not hungry.

You visited 2 branches of the dungeon, and saw 10 of its levels.

You collected 375 gold pieces.

Inventory:

Hand Weapons
 a - a +0 war axe (weapon)
 G - a +1 dire flail of crushing
Armour
 b - a +0 scale mail
 j - a +0 helmet (worn)
 n - a +0 plate armour (worn)
 o - a +0 pair of gloves (worn)
Jewellery
 p - a ring of magical power (left hand)
 r - an amulet of harm (around neck)
 A - an uncursed amulet of guardian spirit {unknown}
 O - a +6 amulet of reflection {unknown}
Wands
 d - a wand of lightning (2/15)
 H - a wand of flame (20/48)
 L - a wand of lightning (5/15)
 M - a wand of digging (14/24)
 S - a wand of iceblast (8/15)
Scrolls
 e - a scroll of blinking {unknown}
 k - 2 scrolls of amnesia {unknown}
 m - 3 scrolls of fear
 s - 2 scrolls of recharging {unknown}
 y - 2 scrolls of random uselessness {unknown}
 z - 2 scrolls of teleportation
 E - 4 scrolls of remove curse
 F - a scroll of summoning {unknown}
 K - a scroll of fog {unknown}
 Q - a scroll of enchant armour {unknown}
 R - 3 scrolls of enchant weapon {unknown}
Potions
 c - 5 potions of heal wounds
 h - 3 potions of agility {unknown}
 i - a potion of cure mutation
 l - a potion of ambrosia {unknown}
 q - 2 potions of invisibility
 t - a potion of cancellation {unknown}
 v - 5 potions of curing
 w - a potion of beneficial mutation {unknown}
 x - 3 potions of brilliance
 C - a potion of lignification {unknown}
 D - a potion of haste {unknown}
 I - a potion of resistance {unknown}
 N - 2 potions of magic {unknown}
 P - a potion of flight {unknown}
Comestibles
 f - 7 bread rations
 g - 2 beef jerkies
 u - 8 fruits
 B - 2 meat rations
 J - 8 slices of pizza
 T - 7 royal jellies


   Skills:
 + Level 10.1 Fighting
 + Level 12.1 Axes
 + Level 11.1 Armour
   Level 3.2 Shields
 + Level 1.2 Evocations


You had 9 spell levels left.
You didn't know any spells.

Dungeon Overview and Level Annotations

Branches:
Dungeon (9/15)             Temple (1/1) D:5
   Lair: D:8-11         Orc: D:9-12

Altars:
Ashenzari
Cheibriados
Dithmenos
Elyvilon
Fedhas
Gozag
Kikubaaqudgha
Makhleb
Nemelex Xobeh
Okawaru
Pakellas
Qazlal
Ru
Sif Muna
Trog
Vehumet
Xom
Yredelemnul
Zin
The Shining One

Shops:
D:6 *

Annotations:
D:3 Natasha


Message History

The komodo dragon is moderately wounded.
The komodo dragon bites you!
You slash the komodo dragon!
The komodo dragon is heavily wounded.
The komodo dragon barely misses you.
You hit the komodo dragon but do no damage.
The komodo dragon is heavily wounded.
The komodo dragon bites you!!
Your plate armour prevents you from hitting the komodo dragon.
The komodo dragon is heavily wounded.
The komodo dragon bites you but does no damage.
You barely miss the komodo dragon.
The komodo dragon is heavily wounded.
The komodo dragon bites you!
* * * LOW HITPOINT WARNING * * *
You feel much better. The komodo dragon bites you!
You hit the komodo dragon but do no damage.
The komodo dragon is heavily wounded.
The komodo dragon bites you!!
You die...

#..._.......
#..#.#######
##.....# #####.#
#.# #.# #.# ## #
#.# #.###.#
#.#######@l.#
#........###...#
#######..# ##..#
#### .


You could see a komodo dragon.

Vanquished Creatures
  Pikel (D:4)
  A queen bee (D:9)
  The ghost of Chiseanne the Nimble, a novice SpHu of Gozag (D:5)
  Grinder (D:3)
  A human (D:8)
  A hungry ghost (D:9)
  A hippogriff (D:8)
  The ghost of georgeearnest the Ducker, an amateur SpCj of Elyvilon (D:3)
  5 ice beasts
  A sky beast (D:9)
  3 ogres
  3 orc wizards
  3 black bears (D:6)
  4 big kobolds (D:8)
  4 giant frogs
  A wyvern zombie (D:9)
  2 scorpions
  21 killer bees
  8 wights
  A howler monkey (D:8)
  2 crimson imps
  A giant frog zombie (D:8)
  A jelly (D:6)
  A centaur skeleton (D:9)
  3 hounds
  2 iguanas
  5 worker ants
  4 sheep (D:8)
  Robin (D:3)
  7 gnolls
  17 adders
  2 river rats (D:4)
  3 oozes
  2 adder zombies
  An adder skeleton (D:8)
  8 worms
  4 dart slugs
  6 giant geckos
  21 orcs
  11 bats
  4 giant cockroaches
  15 goblins
  9 hobgoblins
  A jackal (D:3)
  9 kobolds
  4 quokkas
  2 ball pythons
  4 giant newts
  A jackal skeleton (D:8)
  8 rats
223 creatures vanquished.

Vanquished Creatures (others)
  A slave (D:4)
  A giant frog skeleton (D:7)
  4 gnolls (D:4)
  A howler monkey skeleton (D:4)
  A shadow imp (D:4)
  4 orcs
  A quokka (D:4)
13 creatures vanquished.

Grand Total: 236 creatures vanquished

Notes
Turn   | Place    | Note
--------------------------------------------------------------
     0 | D:1      | manyhoops the Hill Orc Fighter began the quest for the Orb.
     0 | D:1      | Reached XP level 1. HP: 19/19 MP: 1/1
   285 | D:1      | Reached XP level 2. HP: 24/27 MP: 2/2
   464 | D:1      | Reached skill level 3 in Axes
   900 | D:2      | Reached XP level 3. HP: 32/33 MP: 3/3
  1301 | D:2      | Reached XP level 4. HP: 35/40 MP: 4/4
  1308 | D:2      | Reached skill level 4 in Axes
  1743 | D:3      | Reached XP level 5. HP: 47/47 MP: 5/5
  1753 | D:3      | Found a sparkling altar of Nemelex Xobeh.
  1833 | D:3      | Found an opulent altar of Gozag.
  1863 | D:3      | Found a burning altar of Makhleb.
  1872 | D:3      | Found an iron altar of Okawaru.
  1930 | D:3      | Noticed georgeearnest's ghost (amateur SpCj)
  1974 | D:3      | Found an oddly glowing altar of Pakellas.
  2146 | D:4      | Reached skill level 5 in Axes
  2179 | D:4      | Noticed Pikel
  2179 | D:4      | Noticed a slave
  2180 | D:4      | Noticed a slave
  2180 | D:4      | Noticed a slave
  2180 | D:4      | Noticed a slave
  2222 | D:4      | Killed Pikel
  2222 | D:4      | Reached skill level 5 in Fighting
  2222 | D:4      | Reached skill level 6 in Axes
  2222 | D:4      | Reached XP level 6. HP: 14/56 MP: 6/6
  2222 | D:4      | Reached XP level 7. HP: 16/61 MP: 7/7
  2568 | D:4      | Reached skill level 7 in Axes
  3301 | D:5      | Entered Level 5 of the Dungeon
  3385 | D:5      | Noticed Chiseanne's ghost (novice SpHu)
  3417 | D:4      | Reached XP level 8. HP: 59/70 MP: 8/8
  3815 | D:3      | Noticed Grinder
  3912 | D:5      | Killed Chiseanne's ghost
  3912 | D:5      | Reached skill level 8 in Axes
  4295 | D:5      | Found a staircase to the Ecumenical Temple.
  4871 | D:6      | Found Dokku's Elemental Accessories.
  4906 | D:6      | Reached skill level 9 in Axes
  4983 | D:6      | Reached XP level 9. HP: 74/79 MP: 9/9
  5020 | D:6      | Found a snail-covered altar of Cheibriados.
  5020 | D:6      | Found a sparkling altar of Nemelex Xobeh.
  5021 | D:6      | Found a blossoming altar of Fedhas.
  5195 | Temple   | Entered the Ecumenical Temple
  5841 | D:6      | Became a worshipper of Beogh the Brigand
  6307 | D:7      | Reached skill level 10 in Axes
  6422 | D:7      | Found a glowing golden altar of the Shining One.
  6425 | D:7      | Found a basalt altar of Yredelemnul.
  6583 | D:7      | Noticed an angel
  6796 | D:3      | Reached * piety under Beogh
  6802 | D:3      | Killed georgeearnest's ghost
  6839 | D:3      | Noticed Robin
  6854 | D:3      | Killed Robin
  6891 | D:3      | Found a bloodstained altar of Trog.
  6891 | D:3      | Noticed Natasha
  7004 | D:3      | Killed Grinder
  7004 | D:3      | Reached skill level 10 in Armour
  7258 | D:8      | Reached XP level 10. HP: 86/90 MP: 10/10
  7305 | D:8      | Found a radiant altar of Vehumet.
  7391 | D:8      | Reached skill level 11 in Axes
  7428 | D:8      | Reached ** piety under Beogh
  8253 | D:8      | Reached skill level 1 in Evocations
  8505 | D:9      | Found a shattered altar of Ashenzari.
  9136 | D:9      | Reached skill level 12 in Axes
  9483 | D:9      | Reached skill level 10 in Fighting
  9487 | D:9      | Reached *** piety under Beogh
  9934 | D:9      | Slain by a komodo dragon

Skill      XL: |  1  2  3  4  5  6  7  8  9 10 |
---------------+-------------------------------+-----
Axes           | 3 4 6 7 9 10 12 | 12.1
Fighting       | 4 5 6 7 8 10 | 10.1
Armour         | 4 6 8 10 11 | 11.1
Evocations     | 1 |  1.2
Shields        | |  3.2

Action                   |  1- 3 |  4- 6 |  7- 9 | 10-12 || total
-------------------------+-------+-------+-------+-------++-------
Melee: War axe           |   103 |   120 |   420 |   253 ||   896
Invok: Convert to Beogh  |       |       |     1 |       ||     1
Evoke: Wand              |       |       |     2 |     4 ||     6
  Use: Scroll            |     1 |     4 |     7 |       ||    12
       Potion            |       |     1 |       |     1 ||     2
  Eat: Chunk             |     1 |     4 |    14 |     1 ||    20
       Meat ration       |       |       |     1 |     1 ||     2
       Beef jerky        |       |       |       |     2 ||     2
       Royal jelly       |       |       |       |     1 ||     1
Armor: Scale mail        |    91 |       |       |       ||    91
       Plate armour      |     8 |   119 |   289 |   197 ||   613
Dodge: Dodged            |    94 |    47 |   127 |   118 ||   386
